 Dungeon Crawl Stone Soup version 0.32-a0-42-ga30500b4d3 (webtiles) character file.

Game seed: 13159788832117122804

478 Atlas the Firebug (level 6, -1/42 HPs)
             Began as a Demonspawn Fire Elementalist on Jan 31, 2024.
             Succumbed to a water moccasin's poison
             ... on level 4 of the Dungeon.
             The game lasted 00:05:41 (4983 turns).

Atlas the Firebug (Demonspawn Fire Elementalist)    Turns: 4983, Time: 00:05:42

Health: -1/42      AC:  6    Str: 14    XL:     6   Next: 85%
Magic:  12/12      EV: 12    Int: 23    God:
Gold:   75         SH:  0    Dex: 14    Spells: 10/13 levels left

rFire   + . .        c - +1 spear (vamp)
rCold   + + .        (no shield)
rNeg    . . .        q - +1 leather armour of the Ant {rC+++ Str+6 Stlth-}
rPois   .            (helmet restricted)
rElec   .            (no cloak)
rCorr   .            (no gloves)
SInv    .            (no boots)
Will    .....        (no amulet)
Stlth   +            p - +6 ring of intelligence
HPRegen 0.27/turn    n - ring of fire
MPRegen 0.13/turn

%: no passive effects
@: lethally poisoned (-1 -> -7)
A: horns 1, sharp scales 2
a: no special abilities


You were on level 4 of the Dungeon.
You visited 1 branch of the dungeon, and saw 4 of its levels.

You collected 75 gold pieces.

Inventory:

Hand Weapons
 c - a +1 vampiric spear (weapon)
Missiles
 e - a throwing net
Armour
 q - the +1 leather armour of the Ant (worn) {rC+++ Str+6 Stlth-}
   (You found it on level 2 of the Dungeon)

   Str+6:     It affects your strength (+6).
   rC+++:     It renders you almost immune to cold.
   Stlth-:    It makes you less stealthy.
Jewellery
 a - a ring of ice
 n - a ring of fire (right hand)
 p - a +6 ring of intelligence (left hand)
Scrolls
 d - 2 scrolls of revelation {unknown}
 f - 4 scrolls of identify {unknown}
 m - 4 scrolls of teleportation {unknown}
 o - 3 scrolls of enchant armour {unknown}
 r - a scroll of noise {unknown}
Potions
 b - a potion of magic
 g - 2 potions of haste {unknown}
 h - 2 potions of heal wounds {unknown}
 i - a potion of enlightenment {unknown}
 j - a potion of mutation {unknown}
 k - a potion of degeneration {unknown}
 l - a potion of ambrosia {unknown}


   Skills:
 + Level 0.6 Fighting
 + Level 1.1 Polearms
 + Level 1.3 Armour
 + Level 2.4 Dodging
 + Level 2.2 Stealth
 + Level 4.3 Spellcasting
 + Level 2.6 Conjurations
 + Level 4.3 Fire Magic


You had 10 spell levels left.
You knew the following spells:

 Your Spells              Type           Power      Damage    Failure   Level
a - Scorch                Fire           74%        2d8       3%          2
b - Foxfire               Conj/Fire      100%       2x1d9     3%          1

Your spell library contained the following spells:

 Spells                   Type           Power      Damage    Failure   Level
 Apportation              Tloc           8%         N/A       13%         1
 Inner Flame              Hex/Fire       22%        N/A       16%         3
 Volatile Blastmotes      Fire/Tloc      44%        2d13      16%         3
 Jinxbite                 Hex            8%         N/A       19%         2
 Dazzling Flash           Conj/Hex       22%        N/A       22%         3
 Mephitic Cloud           Conj/Alch/Air  9%         N/A       26%         3
 Flame Wave               Conj/Fire      31%        2d9       30%         4
 Alistair's Intoxication  Alch           2%         N/A       98%         5
 Curse of Agony           Necr           4%         N/A       98%         5
 Silence                  Hex/Air        2%         N/A       98%         5


Dungeon Overview and Level Annotations

Branches:
Dungeon (4/15)
 Temple: D:4-7

Altars:
Yredelemnul

Annotations:
D:3 1 runed translucent door


Innate Abilities, Weirdness & Mutations

You have a pair of small horns on your head.
You are mostly covered in razor-sharp scales. (AC +2, Slay +2)


Message History

The water moccasin closely misses you.
You feel sick.
You feel sick.
You feel sick. The water moccasin misses you.
You feel sick.
You feel sick.
The water moccasin attacks as it pursues you!
The water moccasin barely misses you. The water moccasin closely misses you.
You feel sick.
You feel sick.
You are no longer poisoned.
The water moccasin closely misses you.
You open the door.
A jackal comes into view.
The jackal barks!
A jackal comes into view.
The water moccasin bites you but does no damage.
Found 14 gold pieces.
Found a stone staircase leading down.
The jackal barks!
The water moccasin bites you.
You are poisoned.
The water moccasin poisons you!
There is an open door here.
You feel very sick.
A dart slug comes into view.
A dart slug comes into view.
You feel very sick.
The water moccasin attacks as it pursues you!
The water moccasin bites you.
* * * LOW HITPOINT WARNING * * *
A hobgoblin comes into view.
The jackal bites you but does no damage.
Unknown command.
* * * LOW HITPOINT WARNING * * *
You feel sick. The water moccasin bites you.
* * * LOW HITPOINT WARNING * * *
The jackal bites you but does no damage.
The water moccasin closely misses you.
You die...

.##............
..................#
#.................#
###...............#+###.
#.....................
#####+###...............
..............#.........
........##....#.........
..............'S@.......
.....[...#....#.hh...w..
.......#......#......w..
...#######..............
...# #####........g.
...# ##.....$... ...#
#......>.. ####
#.........


You could see a water moccasin, 2 dart slugs, 2 jackals and a hobgoblin.

Vanquished Creatures
  Sigmund (D:3)
  2 hounds (D:4)
  Natasha (D:3)
  An orc wizard (D:4)
  4 gnolls (D:4)
  4 adders
  4 ribbon worms
  A dart slug (D:1)
  10 orcs
  4 ball pythons
  8 endoplasms
  6 giant cockroaches
  7 goblins
  4 hobgoblins
  2 jackals
  7 quokkas
  2 ball python zombies (D:2)
  9 bats
  A frilled lizard (D:3)
  A giant cockroach zombie (D:2)
  A goblin skeleton (D:3)
  8 kobolds
  A kobold zombie (D:3)
  A quokka skeleton (D:2)
  9 rats
99 creatures vanquished.

Vanquished Creatures (collateral kills)
  2 foxfires (D:1)
2 creatures vanquished.

Vanquished Creatures (others)
  310 foxfires
310 creatures vanquished.

Grand Total: 411 creatures vanquished

Notes
Turn   | Place    | Note
-------+----------+-------------------------------------------
     0 | D:1      | Atlas the Demonspawn Fire Elementalist began the quest for
                  | the Orb.
     0 | D:1      | Reached XP level 1. HP: 13/13 MP: 3/3
   382 | D:1      | Gained mutation: You are partially covered in razor-sharp
                  | scales. (AC +1, Slay +1) [demonic ancestry]
   382 | D:1      | Reached XP level 2. HP: 16/19 MP: 1/5
  1388 | D:1      | Gained mutation: You are mostly covered in razor-sharp
                  | scales. (AC +2, Slay +2) [demonic ancestry]
  1388 | D:1      | Reached XP level 3. HP: 14/24 MP: 0/6
  1598 | D:2      | Learned a level 2 spell: Scorch
  1792 | D:2      | Identified the +3 scale mail of Peek-a-Boo {rN+ Will+ Str-5
                  | Slay+4}
  2307 | D:2      | Reached XP level 4. HP: 30/30 MP: 1/7
  2943 | D:2      | Identified the +1 leather armour of the Ant {rC+++ Str+6
                  | Stlth-}
  3897 | D:3      | Noticed Sigmund
  3900 | D:3      | Killed Sigmund
  3901 | D:3      | Reached skill level 1 in Polearms
  3901 | D:3      | Reached XP level 5. HP: 29/36 MP: 2/10
  3901 | D:3      | Gained mutation: You have a pair of small horns on your
                  | head. [demonic ancestry]
  3901 | D:3      | Reached XP level 6. HP: 33/42 MP: 2/11
  4015 | D:3      | Found a runed translucent door.
  4015 | D:3      | Noticed a human
  4043 | D:3      | Found a basalt altar of Yredelemnul.
  4226 | D:3      | Noticed Natasha
  4229 | D:3      | Killed Natasha
  4743 | D:4      | Reached skill level 1 in Armour
  4960 | D:4      | Noticed a water moccasin
  4982 | D:4      | HP: 1/42 [water moccasin (6)]
  4983 | D:4      | Succumbed to a water moccasin's poison

Illustrated notes

Levels and vault maps discovered:
D:1:      onia_arrival_handbag, layout_basic, nrook_campfire,
          dreamdust_princess_bridge, serial_bayou_pond_e, minmay_small_reverse_x
D:2:      layout_basic, serial_undead, serial_undead_f, serial_undead_e,
          serial_undead_f, serial_undead_a, minmay_heptomino_h4
D:3:      layout_loops_ring, dk_yredelemnul_ordeal, minmay_checkerbox,
          uniq_sigmund, uniq_natasha
D:4:      layout_basic, mainiacjoe_overflow_tiny_flanked, marbit_many_paths

Skill      XL: |  1  2  3  4  5  6 |
---------------+-------------------+-----
Fire Magic     | 3 4 |  4.3
Dodging        | 2 |  2.4
Stealth        | 2 |  2.2
Spellcasting   | 3 4 |  4.3
Conjurations   | 2 |  2.6
Polearms       | 1 |  1.1
Armour         | 1 |  1.3
Fighting       | |  0.6

Action                     |  1- 3 |  4- 6 || total
---------------------------+-------+-------++-------
  Melee: Spear             |    36 |    26 ||    62
         Unarmed           |     9 |       ||     9
         Headbutt          |       |     2 ||     2
   Cast: Foxfire           |    98 |    85 ||   183
         Scorch            |     3 |    29 ||    32
   Stab: Sleeping          |     3 |       ||     3
         Distracted        |       |     1 ||     1
 Armour: Robe              |    29 |     1 ||    30
         Leather armour    |       |    31 ||    31
  Dodge: Dodged            |    16 |    37 ||    53

Table legend: (Time is in decaauts)
 A = Elapsed time spent in this place.
 B = Non-inter-level travel time spent in this place.
 C = Inter-level travel time spent in this place.
 D = Time resting spent in this place.
 E = Time spent auto-exploring this place.
 F = Levels seen in this place.
 G = Mean time per level.
                   A        B        C        D        E       F      G
               +--------+--------+--------+--------+--------+-----+--------+
         Total |   4989 |   4820 |    169 |     26 |   4195 |   4 | 1247.2 |
       Dungeon |   4989 |   4820 |    169 |     26 |   4195 |   4 | 1247.2 |
               +--------+--------+--------+--------+--------+-----+--------+

Top non-repeatable levels by time:
     D:2: 1771 daAuts
     D:1: 1572 daAuts
     D:3: 1235 daAuts
     D:4: 411 daAuts
